 Dungeon Crawl Stone Soup version 0.27-a0-1200-g94dc6ad4cf (webtiles) character file.

Game seed: 12450902731950241918

837 avis the Reanimator (level 7, -3/55 HPs)
             Began as a Deep Dwarf Necromancer on June 2, 2021.
             Was an Initiate of Makhleb.
             Slain by an ogre
             ... wielding a +0 giant spiked club
              (16 damage)
             ... on level 5 of the Dungeon.
             The game lasted 00:25:44 (5618 turns).

avis the Reanimator (Deep Dwarf Necromancer)        Turns: 5618, Time: 00:25:45

Health: -3/55      AC:  3    Str: 12    XL:     7   Next: 66%
Magic:  10/10      EV: 12    Int: 17    God:    Makhleb [......]
Gold:   252        SH:  0    Dex: 13    Spells: 8/12 levels left

rFire    . . .     SeeInvis .   B - +0 flail (holy)
rCold    . . .     Faith    .   (no shield)
rNeg     . . .     Spirit   .   q - +0 leather armour
rPois    .         Reflect  .   (no helmet)
rElec    .         Harm     .   (no cloak)
rCorr    .         Rampage  .   (no gloves)
Will     +....                  (no boots)
Stlth    +++.......             (no amulet)
HPRegen  0.00/turn              (no ring)
MPRegen  0.12/turn              (no ring)

@: no status effects
A: damage resistance, heal wounds, sense surroundings 1, no regeneration
a: Heal Wounds, Renounce Religion


You were on level 5 of the Dungeon.
You worshipped Makhleb.
Makhleb was noncommittal.
You visited 2 branches of the dungeon, and saw 6 of its levels.

You collected 252 gold pieces.

Inventory:

Hand Weapons
 b - a +0 club
 d - a +0 dagger
 e - a +0 short sword
 n - a +0 long sword
 p - a +0 hunting sling
 y - a +0 hand axe
 A - a +0 war axe
 B - a +0 flail of holy wrath (weapon)
 G - a +1 hand axe of flaming
Missiles
 f - 116 stones
 h - 10 sling bullets
 j - 9 boomerangs
 t - 40 arrows
 w - 31 bolts
Armour
 a - a +0 robe
 q - a +0 leather armour (worn)
 E - a +0 ring mail
 H - a +0 scale mail
Magical Staves
 m - a staff of poison
 D - a staff of poison
Jewellery
 l - a ring of ice
 s - a ring of protection from fire
 J - a ring of wizardry
 K - a +6 ring of dexterity
Wands
 v - a wand of flame (13)
 M - a wand of iceblast (9)
Scrolls
 c - 4 scrolls of brand weapon {unknown}
 i - 3 scrolls of teleportation {unknown}
 k - 2 scrolls of summoning {unknown}
 u - a scroll of amnesia {unknown}
 x - 4 scrolls of identify {unknown}
 C - a scroll of torment {unknown}
 L - a scroll of holy word {unknown}
Potions
 g - 3 potions of haste {unknown}
 o - a potion of invisibility {unknown}
 r - a potion of heal wounds {unknown}
 z - a potion of might {unknown}
 F - 2 potions of curing
 I - a potion of degeneration {unknown}


   Skills:
 - Level 2.1 Dodging
 - Level 5.0 Stealth
 - Level 3.0 Spellcasting
 * Level 8.3 Necromancy
 + Level 4.7 Invocations


You had 8 spell levels left.
You knew the following spells:

 Your Spells              Type           Power      Damage    Failure   Level
a - Pain                  Necr           100%       1d9       1%          1
d - Vampiric Draining     Necr           15%        2d8       2%          3

Your spell library contained the following spells:

 Spells                   Type           Power      Damage    Failure   Level
 Animate Skeleton         Necr           60%        N/A       1%          1
 Animate Dead             Necr           15%        N/A       8%          4
 Agony                    Necr           30%        N/A       21%         5
 Summon Small Mammal      Summ           8%         N/A       22%         1
 Call Imp                 Summ           2%         N/A       32%         2
 Call Canine Familiar     Summ           2%         N/A       54%         3
 Summon Guardian Golem    Hex/Summ       2%         N/A       54%         3
 Summon Ice Beast         Ice/Summ       2%         N/A       91%         4
 Summon Lightning Spire   Summ/Air       2%         N/A       91%         4


Dungeon Overview and Level Annotations

Branches:
Dungeon (5/15)             Temple (1/1) D:4

Altars:
Dithmenos
Elyvilon
Hepliaklqana
Makhleb
Sif Muna
Yredelemnul

Shops:
D:5 *

Annotations:
D:3 stuff behind deep water


Innate Abilities, Weirdness & Mutations

You are resistant to damage.
You can heal yourself by infusing magical energy.
You passively map a small area around you.
You do not regenerate.


Message History

You kill the white imp!
Makhleb accepts your kill.
You start waiting.
Done waiting.
J - a ring of wizardry A bullfrog zombie comes into view.
Found 10 poisoned darts.
The bullfrog zombie closely misses you.
You hit the bullfrog zombie.
The bullfrog zombie convulses.
The bullfrog zombie is moderately damaged.
The bullfrog zombie hits you. The bullfrog zombie misses you.
You hit the bullfrog zombie.
The bullfrog zombie convulses.
The bullfrog zombie is severely damaged.
The bullfrog zombie hits you but does no damage.
The bullfrog zombie barely misses you.
You sock the bullfrog zombie!
The bullfrog zombie convulses!
You destroy the bullfrog zombie!
Makhleb accepts your kill.
L - a scroll labelled EWUYSE QAEXKYKYRE
Found a hunting sling.
x - 3 scrolls labelled MIECAS FEMEAL (gained 1)
Found a stone staircase leading down.
f - 102 stones (gained 30)
You see here a +0 rapier.
You open the door.
There is an open door here.
Found a ring mail.
x - 4 scrolls labelled MIECAS FEMEAL (gained 1)
There is a stone staircase leading up here.
f - 116 stones (gained 14)
M - a wand of iceblast (9)
An ogre comes into view. It is wielding a +0 giant spiked club.
The ogre barely misses you.
You hit the ogre.
The ogre is lightly wounded.
The ogre closely misses you.
You hit the ogre.
The ogre is lightly wounded.
The ogre hits you with a +0 giant spiked club!!
You die...

#.##.######
##.##......#
##≈≈≈######.#
##≈≈≈≈≈#####.########
#...∩≈≈.............#
#.≈≈≈≈≈#####.######.#
#.#≈≈≈...........#
#.##<####..#.#.#.##
#....#*#........@.# *
####......#..#.#.O#
####....#####..#
*,...#.., ...#
,......* .###, ,, .##
* #. * ## * , , ,


You could see an ogre.

Vanquished Creatures
  Eustachio (D:4)
  Edmund (D:4)
  2 ogres
  A phantom (D:3)
  A scorpion (D:5)
  A centaur zombie (D:3)
  A hound (Temple)
  A bullfrog zombie (D:5)
  An iguana (D:4)
  An orc wizard (D:4)
  A hound skeleton (D:5)
  7 adders
  A white imp (D:5)
  2 adder skeletons (D:4)
  3 dart slugs
  5 orcs (D:4)
  4 ball pythons
  4 endoplasms
  2 giant cockroaches
  5 goblins
  4 hobgoblins
  4 kobolds
  4 quokkas
  8 bats
  4 frilled lizards
  3 rats
72 creatures vanquished.

Notes
Turn   | Place    | Note
-------+----------+-------------------------------------------
     0 | D:1      | avis the Deep Dwarf Necromancer began the quest for the
                  | Orb.
     0 | D:1      | Reached XP level 1. HP: 15/15 MP: 3/3
    98 | D:1      | Found a faded altar of an unknown god.
   143 | D:1      | Reached XP level 2. HP: 7/22 MP: 2/4
  1160 | D:2      | Reached skill level 5 in Necromancy
  1160 | D:2      | Reached XP level 3. HP: 9/28 MP: 2/6
  1164 | D:2      | Learned a level 3 spell: Vampiric Draining
  2284 | D:3      | Reached XP level 4. HP: 27/36 MP: 7/7
  2332 | D:3      | Found a hazy altar of Hepliaklqana.
  2455 | D:3      | Found a basalt altar of Yredelemnul.
  2629 | D:3      | Found a burning altar of Makhleb.
  2639 | D:3      | Became a worshipper of Makhleb the Destroyer
  3175 | D:4      | Noticed a phantom
  3211 | D:4      | Noticed an ogre
  3245 | D:3      | Killed an ogre
  3246 | D:3      | Reached skill level 6 in Necromancy
  3246 | D:3      | Reached XP level 5. HP: 36/42 MP: 4/9
  3389 | D:3      | Killed a phantom
  3390 | D:3      | Reached XP level 6. HP: 27/49 MP: 9/9
  3443 | D:4      | Noticed Edmund
  3471 | D:4      | Killed Edmund
  3472 | D:4      | Reached skill level 5 in Stealth
  3472 | D:4      | Reached skill level 7 in Necromancy
  3570 | D:4      | Found a staircase to the Ecumenical Temple.
  3583 | Temple   | Entered the Ecumenical Temple
  3655 | Temple   | Reached skill level 1 in Invocations
  4205 | D:4      | Noticed Eustachio
  4225 | D:4      | Killed Eustachio
  4226 | D:4      | Reached XP level 7. HP: 24/55 MP: 0/10
  4335 | D:4      | Found a white marble altar of Elyvilon.
  4704 | D:5      | Entered Level 5 of the Dungeon
  4788 | D:5      | Found Funies's Assorted Antiques.
  5073 | D:5      | Reached skill level 8 in Necromancy
  5618 | D:5      | Slain by an ogre

Illustrated notes

Levels and vault maps discovered:
D:1:      psy_arrival_fountain, layout_rooms, basic_ecumenical_altar
D:2:      layout_basic, kennysheep_generic_room_2
D:3:      layout_basic, worldfamousw_hep_ancestral_shrine, old_standard_altar,
          overflow_temple_1_default, chequers_serial_rivers_large_a
D:4:      layout_loops_ring, elyvilon_altar_5, minmay_temple_entry_tees,
          uniq_edmund, uniq_eustachio
D:5:      layout_basic, serial_shops, nicolae_shop_waterfront
Temple:   compressed_dpeg_triangle_lava_temple

Skill      XL: |  1  2  3  4  5  6  7 |
---------------+----------------------+-----
Spellcasting   | 2 3 |  3.0
Stealth        | 3 4 5 |  5.0
Necromancy     | 5 6 7 8 |  8.3
Invocations    | 3 4 |  4.7
Dodging        | |  2.1

Action                   |  1- 3 |  4- 6 |  7- 9 || total
-------------------------+-------+-------+-------++-------
Melee: Unarmed           |    10 |       |       ||    10
       Club              |     3 |       |       ||     3
       Dagger            |    13 |       |       ||    13
       Long sword        |     4 |    32 |       ||    36
       Flail             |       |    17 |    24 ||    41
Throw: Boomerang         |     1 |       |     2 ||     3
 Cast: Pain              |    38 |    19 |       ||    57
       Vampiric Draining |    12 |    24 |    10 ||    46
 Abil: Heal Wounds       |       |     2 |       ||     2
Evoke: Wand              |       |     2 |     2 ||     4
Armor: Robe              |     2 |       |       ||     2
       Leather armour    |     9 |    10 |     7 ||    26
Dodge: Dodged            |    32 |    49 |    19 ||   100
       Rpst.: Long sword |     1 |     8 |       ||     9

Table legend: (Time is in decaauts)
 A = Elapsed time spent in this place.
 B = Non-inter-level travel time spent in this place.
 C = Inter-level travel time spent in this place.
 D = Time resting spent in this place.
 E = Time spent auto-exploring this place.
 F = Levels seen in this place.
 G = Mean time per level.
                   A        B        C        D        E       F      G
               +--------+--------+--------+--------+--------+-----+--------+
         Total |   5677 |   5207 |    470 |   1964 |   2303 |   6 |  946.2 |
       Dungeon |   5544 |   5074 |    470 |   1836 |   2303 |   5 | 1108.8 |
        Temple |    133 |    133 |      0 |    128 |      0 |   1 |  133.0 |
               +--------+--------+--------+--------+--------+-----+--------+

Top non-repeatable levels by time:
     D:4: 1313 daAuts
     D:2: 1303 daAuts
     D:3: 1165 daAuts
     D:1: 901 daAuts
     D:5: 860 daAuts
  Temple: 133 daAuts
